 Dungeon Crawl Stone Soup version 0.21-a0-1-gaf3b9a5 (webtiles) character file.

38566 Gorglomux the Severer (level 14, -20/129 HPs)
             Began as a Hill Orc Monk on May 19, 2017.
             Was the Champion of Trog.
             Killed by the air
             ... invoked by a wind drake
              (26 damage)
             ... on level 6 of the Lair of Beasts on May 20, 2017.
             The game lasted 00:28:02 (19908 turns).

Gorglomux the Severer (Hill Orc Monk)              Turns: 19908, Time: 00:28:02

Health: -20/129    AC: 21    Str: 19    XL:     14   Next: 2%
Magic:  14/14      EV: 12    Int: 10    God:    Trog [******]
Gold:   1052       SH:  0    Dex: 13    Spells: 13/13 levels left

rFire    . . .     SeeInvis .   r - +1 battleaxe (chop)
rCold    . . .     Gourm    .   (shield currently unavailable)
rNeg     . . .     Faith    +   U - +0 chain mail
rPois    +         Spirit   .   a - +2 hat {MR+}
rElec    .         Reflect  .   P - +1 cloak
rCorr    .         Harm     .   z - +2 pair of gloves
MR       ++...                  K - +0 pair of boots
Stlth    ..........             Y - amulet of faith {Faith, !P}
Regen    0.4/turn               x - ring of flight {+Fly, !d}
MPRegen  0.2/turn               b - ring of poison resistance {rPois, !d}

@: lethally poisoned (-20 -> -23), about to teleport, flying, mesmerised
A: no striking features
a: Berserk, Trog's Hand, Brothers in Arms, Burn Spellbooks, Renounce Religion


You were on level 6 of the Lair of Beasts.
You worshipped Trog.
Trog was exalted by your worship.
You were hungry.

You visited 2 branches of the dungeon, and saw 17 of its levels.

You collected 1052 gold pieces.

Inventory:

Hand Weapons
 r - a +1 battleaxe of chopping (weapon)
   (You took it off a naga on level 3 of the Lair of Beasts)
 H - a +1 falchion of flaming
   (You took it off a big kobold on level 8 of the Dungeon)
 I - a +3 battleaxe
   (You took it off a wight on level 7 of the Dungeon)
Armour
 a - a +2 hat of magic resistance (worn)
   (You acquired it on level 10 of the Dungeon)
 z - a +2 pair of gloves (worn)
   (You found it on level 5 of the Dungeon)
 K - a +0 pair of boots (worn)
   (You found it on level 7 of the Dungeon)
 P - a +1 cloak (worn)
   (You took it off Crazy Yiuf on level 6 of the Dungeon)
 U - a +0 chain mail (worn)
   (You took it off an orc on level 9 of the Dungeon)
Jewellery
 b - a ring of poison resistance (right hand) {rPois, !d}
   (You found it on level 2 of the Lair of Beasts)
 m - an uncursed ring of resist corrosion
   (You found it on level 7 of the Dungeon)
 x - a ring of flight (left hand) {+Fly, !d}
   (You found it on level 5 of the Lair of Beasts)
 B - an uncursed ring of protection from magic {MR+, !d}
   (You found it on level 5 of the Dungeon)
 M - an uncursed ring of protection from cold {rC+, !d}
   (You found it on level 6 of the Dungeon)
 Q - a +6 ring of dexterity
   (You found it on level 8 of the Dungeon)
 Y - an amulet of faith (around neck) {Faith, !P}
   (You found it on level 9 of the Dungeon)
 Z - an uncursed amulet of harm {unknown}
   (You found it on level 6 of the Lair of Beasts)
Wands
 o - a wand of scattershot (1/9)
   (You found it on level 4 of the Dungeon)
 u - a wand of acid (9/15)
   (You found it on level 11 of the Dungeon)
 G - a wand of iceblast (6/15)
   (You found it on level 6 of the Dungeon)
 X - a wand of acid (8/15)
   (You found it on level 1 of the Lair of Beasts)
Scrolls
 e - 6 scrolls of teleportation
 k - a scroll of brand weapon {unknown}
 l - 6 scrolls of magic mapping {!r}
 n - 10 scrolls of remove curse
 s - 2 scrolls of fear
 t - 2 scrolls of enchant weapon
 y - a scroll of fog
 A - a scroll of vulnerability {!r!r}
 L - a scroll of recharging {unknown}
 S - 4 scrolls of identify
 T - 2 scrolls of silence
Potions
 d - 3 potions of might
 f - 2 potions of cancellation
 h - 4 potions of haste
 p - 2 potions of agility
 q - a potion of heal wounds
 v - 6 potions of flight
 C - a potion of resistance
 E - a potion of berserk rage {!q}
 F - 2 potions of mutation {!q}
 J - 4 potions of curing
 N - a potion of ambrosia {unknown}
 R - a potion of invisibility
 V - a potion of brilliance {unknown}
Books
 g - a book of Necromancy
   (You found it on level 10 of the Dungeon)
 D - a book of Maledictions
   (You found it on level 4 of the Lair of Beasts)
Miscellaneous
 O - a sack of spiders
Comestibles
 c - 7 bread rations {@e1}
 i - 3 royal jellies
 j - 15 meat rations {@e2}
 w - 20 fruits


   Skills:
 + Level 13.0 Fighting
 * Level 18.7 Axes
 + Level 11.4 Armour
 + Level 9.2 Dodging
 - Level 1.5 Stealth


You had 13 spell levels left.
You didn't know any spells.

Dungeon Overview and Level Annotations

Branches:
Dungeon (11/15)            Temple (0/1) D:5            Lair (6/6) D:9
  Swamp (0/4) Lair:2        Snake (0/4) Lair:3          Orc (0/2) D:9
  Slime: Lair:5-6

Altars:
Fedhas
Gozag
Qazlal
Trog

Annotations:
D:4 Gorglomux's ghost, amateur HOMo


Message History

You feel sick. The wind drake flaps its wings at you.
The air twists around and violently strikes you in flight!
The elephant tramples your iron troll!
Your iron troll holds its ground!
The elephant trunk-slaps your iron troll but does no damage.
Something bites the plant.
Something claws the plant but does no damage. x2
The merfolk avatar chants its luring song.
The water moccasin bites the plant but does no damage.
The polar bear goes berserk!
Your iron troll bites the sea snake!!
The sea snake dies!
Trog accepts your kill.
A rime drake comes into view.
As you read the scroll of teleportation, it crumbles to dust.
You feel strangely unstable.
You feel sick. The spiny frog stings you.
The wind drake flaps its wings at you.
The air twists around and violently strikes you in flight!
The polar bear goes berserk!
The komodo dragon bites the plant!!
The water moccasin bites the plant but does no damage.
The polar bear bites you but does no damage.
The polar bear barely misses you. The polar bear claws you.
* * * LOW HITPOINT WARNING * * *
The elephant completely misses your iron troll.
The elephant barely misses your iron troll.
The merfolk avatar chants its luring song.
Your iron troll bites the elephant but does no damage.
Your iron troll claws the elephant.
Your iron troll claws the elephant!
The spiny frog stings you.
* * * LOW HITPOINT WARNING * * *
The wind drake bites you.
* * * LOW HITPOINT WARNING * * *
Unknown command.
Unknown command.
You cut the polar bear into ribbons!!!
You kill the polar bear!
Trog accepts your kill.
You have reached level 14!
You closely miss the spiny frog. You barely miss the polar bear.
You slash the wind drake!
You feel sick.
The polar bear bites you but does no damage.
The polar bear claws you but does no damage. x2
The water moccasin bites the plant but does no damage.
The komodo dragon bites the plant!!
The plant is destroyed!
The elephant tramples your iron troll but does no damage.
The elephant trunk-slaps your iron troll but does no damage.
The merfolk avatar chants its luring song.
Your iron troll bites the elephant!!
The elephant dies!
Trog accepts your kill.
The spiny frog stings you but does no damage.
The wind drake flaps its wings at you.
The air twists around and violently strikes you in flight!
* * * LOW HITPOINT WARNING * * *
You slice the polar bear!!
You kill the polar bear!
Trog accepts your kill.
You slash the spiny frog! You hit the wind drake.
You feel sick.
The pull of its song draws you forwards.
The water moccasin barely misses you.
The merfolk avatar chants its luring song.
You barely miss the water moccasin. You slash the elephant!
You hit the spiny frog but do no damage.
You closely miss the wind drake. The water moccasin barely misses you.
The spiny frog stings you.
* * * LOW HITPOINT WARNING * * *
The wind drake barely misses you. The elephant tramples you.
* * * LOW HITPOINT WARNING * * *
You hold your ground!
The elephant trunk-slaps you but does no damage.
Unknown command.
Unknown command.
You hit the wind drake. You slash the water moccasin! You slash the elephant!
You hit the spiny frog but do no damage.
You feel sick.
The water moccasin bites you but does no damage.
Your iron troll bites the spiny frog!!
The spiny frog dies!
Trog accepts your kill.
Your Fighting skill increases to level 13!
The wind drake exhales a fierce blast of wind!
The polar bear bites your iron troll.
The polar bear claws your iron troll but does no damage. x2
The merfolk avatar chants its luring song.
The elephant tramples you.
* * * LOW HITPOINT WARNING * * *
You hold your ground!
The elephant trunk-slaps you but does no damage.
The water moccasin closely misses you.
Unknown command.
Unknown command.
You closely miss the wind drake. You hit the elephant but do no damage.
You hit the water moccasin but do no damage.
You feel sick. The wind drake flaps its wings at you.
The air twists around and violently strikes you in flight!
You die...

#.. ##≈#############
#.. #.≈.≈≈8#≈≈≈≈≈≈≈≈
≈≈≈≈≈≈≈#≈≈P≈≈≈≈≈
#..≈≈≈P≈≈≈#≈≈≈≈≈≈≈≈
##..##≈≈≈≈≈#≈≈≈≈≈≈≈P
.!.≈.#≈#≈≈≈.†#P)[%[≈
....≈≈≈≈≈≈≈≈#≈h≈$≈≈}≈
#P..#.≈≈≈≈≈≈≈≈.T#≈}≈≈[≈
#.....≈.#≈.≈≈≈#@kk}!|(≈
#......#.≈≈≈≈≈#YS≈≈≈≈≈≈
#......≈≈≈P≈≈≈#l≈≈≈#≈≈P
......≈≈≈≈≈P≈#≈≈≈#≈##P
#.....##≈#≈≈8#8≈m≈≈≈≈
#....≈#.≈########....#
#...<≈≈≈≈≈≈≈≈≈≈≈ ≈≈≈≈≈
#.#...≈≈≈≈≈≈P≈≈≈≈ ≈≈≈≈
####...≈##≈≈..≈≈##


You could see a merfolk avatar, an elephant, a wind drake, a polar bear, a
komodo dragon, a rime drake, a water moccasin and a friendly iron troll
(berserk).

Vanquished Creatures
  2 hydras
  A queen ant (Lair:3)
  2 two-headed ogres
  5 death yaks (Lair:3)
  An unseen horror (D:11)
  Pikel (D:4)
  An ugly thing (D:11)
  A manticore (D:11)
  A cyclops (D:11)
  10 elephants
  2 centaur zombies (D:10)
  A black mamba (Lair:4)
  Psyche (D:10)
  12 spiny frogs
  2 rime drakes
  7 komodo dragons
  5 polar bears
  3 blink frogs (Lair:3)
  7 hippogriffs
  8 dream sheep
  2 wyverns
  21 yaks
  Eustachio (D:6)
  A wraith (D:11)
  A hungry ghost (D:5)
  Grum (D:10)
  4 nagas (Lair:3)
  3 soldier ants (Lair:3)
  8 porcupines
  7 water moccasins
  An ice beast (D:9)
  3 orc warriors
  4 slaves (D:4)
  2 phantoms
  A sky beast (D:9)
  3 black bears (D:8)
  A necrophage (D:9)
  6 wolves
  10 centaurs
  3 ogres
  9 crocodiles
  4 big kobolds
  17 bullfrogs
  A water moccasin zombie (D:8)
  4 scorpions
  17 killer bees
  4 wights (D:7)
  An electric eel (Lair:2)
  3 howler monkeys
  2 crimson imps (D:11)
  3 bullfrog zombies
  8 hounds
  17 orc wizards
  2 bullfrog skeletons
  13 orc priests
  Crazy Yiuf (D:6)
  A centaur skeleton (D:11)
  2 iguanas
  33 worker ants
  A hound zombie (D:6)
  A hound skeleton (D:5)
  16 adders
  10 gnolls
  A shadow imp (D:10)
  An ooze (D:4)
  An adder skeleton (D:4)
  3 worms
  2 dart slugs
  6 leopard geckos
  69 orcs
  4 giant cockroaches
  5 goblins
  8 hobgoblins
  10 jackals
  16 kobolds
  2 quokkas
  6 bats
  A frilled lizard (D:1)
  A jackal zombie (D:7)
  5 rats
  A bush (D:4)
  2 fungi
  4 plants
474 creatures vanquished.

Vanquished Creatures (collateral kills)
  A sea snake (Lair:6)
  An elephant (Lair:6)
  A spiny frog (Lair:6)
  A dream sheep (D:8)
  A big kobold (D:8)
5 creatures vanquished.

Vanquished Creatures (others)
  A giant cockroach (D:3)
  A bush (D:4)
  5 fungi
  7 plants
14 creatures vanquished.

Grand Total: 493 creatures vanquished

Notes
Turn   | Place    | Note
-------+----------+-------------------------------------------
     0 | D:1      | Gorglomux the Hill Orc Monk began the quest for the Orb.
     0 | D:1      | Reached XP level 1. HP: 19/19 MP: 1/1
   155 | D:1      | Reached XP level 2. HP: 19/26 MP: 2/2
   165 | D:1      | HP: 6/26 [jackal (1)]
   867 | D:2      | Reached XP level 3. HP: 29/33 MP: 3/3
   873 | D:2      | Reached skill level 1 in Armour
  1127 | D:2      | Reached skill level 4 in Fighting
  1127 | D:2      | Reached skill level 5 in Axes
  1135 | D:2      | Reached XP level 4. HP: 29/40 MP: 4/4
  1419 | D:2      | Reached skill level 3 in Dodging
  2027 | D:3      | Found a stormy altar of Qazlal.
  2482 | D:3      | Reached XP level 5. HP: 47/47 MP: 5/5
  3028 | D:4      | Noticed a centaur
  3202 | D:4      | Killed a centaur
  3202 | D:4      | Reached skill level 6 in Axes
  3202 | D:4      | Reached skill level 2 in Armour
  3202 | D:4      | Reached XP level 6. HP: 31/55 MP: 6/6
  3334 | D:4      | Found a blossoming altar of Fedhas.
  3343 | D:4      | Noticed a slave
  3345 | D:4      | Noticed a slave
  3346 | D:4      | Noticed Pikel
  3349 | D:4      | Noticed a slave
  3352 | D:4      | Noticed a slave
  3357 | D:4      | Killed a slave
  3365 | D:4      | HP: 10/55 [slave[Pikel] (8)]
  3375 | D:4      | Killed a slave
  3380 | D:4      | Killed a slave
  3383 | D:4      | Killed Pikel
  3383 | D:4      | Reached skill level 5 in Fighting
  3383 | D:4      | Reached skill level 7 in Axes
  3383 | D:4      | Reached skill level 3 in Armour
  3383 | D:4      | Reached skill level 4 in Dodging
  3383 | D:4      | Reached XP level 7. HP: 62/62 MP: 7/7
  3449 | D:4      | Noticed Gorglomux's ghost (amateur HOMo)
  3451 | D:4      | Reached skill level 8 in Axes
  4024 | D:4      | HP: 8/62 [Gorglomux's ghost (15)]
  4048 | D:4      | HP: 3/62 [Gorglomux's ghost (10)]
  4320 | D:5      | Entered Level 5 of the Dungeon
  4356 | D:5      | Reached XP level 8. HP: 57/70 MP: 8/8
  4413 | D:5      | Reached skill level 6 in Fighting
  4413 | D:5      | Reached skill level 4 in Armour
  4482 | D:5      | Found a staircase to the Ecumenical Temple.
  4507 | D:5      | Got a warped short sword
  4769 | D:5      | Reached skill level 9 in Axes
  5102 | D:5      | HP: 17/71 [poisoned by a scorpion]
  5107 | D:5      | HP: 15/71 [poisoned by a scorpion]
  5113 | D:5      | HP: 13/71 [poisoned by a scorpion]
  5121 | D:5      | HP: 13/71 [poisoned by a scorpion]
  5129 | D:5      | HP: 13/71 [poisoned by a scorpion]
  5187 | D:5      | Paralysed by fainting for 5 turns
  5551 | D:6      | Reached skill level 5 in Armour
  5766 | D:6      | Reached XP level 9. HP: 54/78 MP: 9/9
  6024 | D:6      | Found a runed door.
  6076 | D:6      | Noticed Eustachio
  6137 | D:6      | You fall through a shaft for 2 floors!
  6137 | D:8      | Found a bloodstained altar of Trog.
  6146 | D:8      | Became a worshipper of Trog the Wrathful
  6146 | D:8      | Reached * piety under Trog
  6146 | D:8      | Reached ** piety under Trog
  6153 | D:8      | Reached skill level 7 in Fighting
  6153 | D:8      | Reached skill level 10 in Axes
  6154 | D:8      | Reached skill level 5 in Dodging
  7125 | D:7      | Reached skill level 11 in Axes
  7125 | D:7      | Reached skill level 6 in Armour
  7568 | D:6      | Reached skill level 8 in Fighting
  7765 | D:6      | Killed Eustachio
  7765 | D:6      | Reached *** piety under Trog
  7802 | D:6      | Noticed Crazy Yiuf
  7806 | D:6      | Killed Crazy Yiuf
  7858 | D:6      | Upgraded the game from 0.20-b1 to 0.21-a0-1-gaf3b9a5
  8104 | D:7      | Found an opulent altar of Gozag.
  8325 | D:7      | Reached XP level 10. HP: 89/89 MP: 10/10
  8653 | D:8      | Reached skill level 12 in Axes
  8754 | D:8      | Reached **** piety under Trog
  8847 | D:8      | Reached skill level 6 in Dodging
  8868 | D:8      | Noticed a two-headed ogre
  8877 | D:8      | Killed a two-headed ogre
  8877 | D:8      | Reached skill level 9 in Fighting
  8877 | D:8      | Reached skill level 7 in Armour
  9422 | D:8      | Noticed a three-headed hydra
  9446 | D:8      | HP: 34/136 [six-headed hydra (2)]
  9447 | D:8      | Killed a seven-headed hydra
  9447 | D:8      | Reached skill level 13 in Axes
  9451 | D:8      | HP: 24/136 [big kobold/dagger of venom (3)]
  9452 | D:8      | Reached XP level 11. HP: 26/99 MP: 11/11
  9910 | D:9      | Reached skill level 8 in Armour
  9993 | D:9      | Found a staircase to the Lair.
 10254 | D:9      | Found a staircase to the Orcish Mines.
 10599 | D:10     | Entered Level 10 of the Dungeon
 10770 | D:10     | Noticed a seven-headed hydra
 10784 | D:10     | Killed a three-headed hydra
 10784 | D:10     | Reached skill level 10 in Fighting
 10784 | D:10     | Reached skill level 14 in Axes
 11164 | D:10     | Noticed Psyche
 11175 | D:10     | Killed Psyche
 11617 | D:10     | Noticed Grum
 11623 | D:10     | Reached skill level 7 in Dodging
 11629 | D:10     | Killed Grum
 11862 | D:10     | Identified a scroll of acquirement
 11928 | D:11     | Noticed a cyan ugly thing
 11928 | D:11     | Reached ***** piety under Trog
 11934 | D:11     | Noticed a two-headed ogre
 11940 | D:11     | Killed a cyan ugly thing
 11944 | D:11     | Killed a two-headed ogre
 12210 | D:11     | Reached skill level 15 in Axes
 12377 | D:11     | Noticed a manticore
 12400 | D:11     | Killed a manticore
 12400 | D:11     | Reached skill level 9 in Armour
 13029 | D:11     | Noticed a cyclops
 13042 | D:11     | Killed a cyclops
 13042 | D:11     | Reached XP level 12. HP: 108/108 MP: 12/12
 13394 | Lair:1   | Entered Level 1 of the Lair of Beasts
 13400 | Lair:1   | Reached skill level 11 in Fighting
 14098 | Lair:1   | Reached skill level 16 in Axes
 14967 | Lair:2   | Found a staircase to the Swamp.
 15116 | Lair:2   | Reached skill level 8 in Dodging
 15865 | Lair:2   | Reached skill level 10 in Armour
 16579 | Lair:3   | Found a staircase to the Snake Pit.
 16865 | Lair:3   | Received a gift from Trog
 17062 | Lair:3   | Reached skill level 17 in Axes
 17101 | Lair:3   | Reached XP level 13. HP: 103/117 MP: 13/13
 17392 | Lair:3   | Reached skill level 12 in Fighting
 18243 | Lair:4   | Reached ****** piety under Trog
 18245 | Lair:4   | Reached skill level 18 in Axes
 18764 | Lair:5   | Reached skill level 11 in Armour
 18770 | Lair:5   | Reached skill level 9 in Dodging
 19646 | Lair:6   | Entered Level 6 of the Lair of Beasts
 19903 | Lair:6   | HP: 27/119 [spiny frog (5)]
 19904 | Lair:6   | Reached XP level 14. HP: 24/127 MP: 14/14
 19906 | Lair:6   | HP: 13/127 [elephant (5)]
 19907 | Lair:6   | Reached skill level 13 in Fighting
 19908 | Lair:6   | HP: 6/129 [poisoned by a spiny frog]
 19908 | Lair:6   | Killed from afar by a wind drake

Vault maps used:
D:1:      dpeg_arrival_chambers_temple_mockup
D:3:      first_bread, nicolae_qazlal_eye_of_the_storm
D:4:      chequers_temple_overflow_minitemple, fedhas_bush_and_centaur_altar,
          uniq_pikel
D:5:      minmay_temple_entry_from_below_a
D:6:      kennysheep_six_static_rooms, grunt_ministairs_11, uniq_eustachio,
          uniq_crazy_yiuf_cottage
D:7:      nicolae_overflow_crystal_walls
D:8:      trog_ov_bears_minmay, hangedman_ranch, nicolae_wwwww
D:9:      lair_entry_dummy, hiddenorc1_lemuel
D:10:     uniq_psyche, uniq_grum
Lair:1:   minivault_23, cheibrodos_lair_reptile_den
Lair:2:   swamp_mist, infiniplex_staircase_pool, lemuel_fruit_fields
Lair:3:   minmay_snake_entry_guardpost_medium, zaba_antful_of_joy
Lair:6:   gammafunk_lair_ancient_temple, dpeg_slime_entry_enclosed_altar

Skill      XL: |  1  2  3  4  5  6  7  8  9 10 11 12 13 14 |
---------------+-------------------------------------------+-----
Armour         | 1 2 3 5 6 7 9 10 11 | 11.4
Fighting       | 4 5 6 8 9 10 11 12 13 | 13.0
Axes           | 5 6 7 8 9 11 13 15 17 18 | 18.7
Dodging        | 3 4 5 6 7 8 9 |  9.2
Stealth        | |  1.5

Action                   |  1- 3 |  4- 6 |  7- 9 | 10-12 | 13-15 || total
-------------------------+-------+-------+-------+-------+-------++-------
Melee: Hand axe          |   114 |   179 |   355 |       |       ||   648
       Battleaxe         |       |       |    81 |   636 |   282 ||   999
       Falchion          |       |       |       |     4 |       ||     4
Invok: Berserk           |       |       |     8 |    16 |     5 ||    29
       Brothers in Arms  |       |       |       |     1 |     1 ||     2
       Trog's Hand       |       |       |       |     4 |     1 ||     5
       Burn Spellbooks   |       |       |       |     1 |       ||     1
 Abil: Evoke Flight      |       |       |       |       |     1 ||     1
Evoke: Wand              |       |       |       |     1 |       ||     1
  Use: Scroll            |       |     6 |     9 |    13 |     1 ||    29
       Potion            |       |     5 |       |       |       ||     5
 Stab: Sleeping          |       |     2 |     4 |     1 |       ||     7
  Eat: Chunk             |     1 |     5 |    23 |    40 |    14 ||    83
       Meat ration       |       |     1 |       |       |       ||     1
       Royal jelly       |       |       |     2 |     2 |       ||     4
       Fruit             |       |       |       |     1 |     1 ||     2
Armor: Robe              |    10 |       |       |       |       ||    10
       Leather armour    |    29 |    26 |   121 |    43 |       ||   219
       Skin              |       |     8 |     2 |       |       ||    10
       Chain mail        |       |       |       |   285 |   154 ||   439
Dodge: Dodged            |   118 |   104 |   261 |   391 |   157 ||  1031
Block: Other             |       |    11 |    54 |    24 |       ||    89
       Reflection        |       |     1 |       |     1 |       ||     2
       Rpst.: Falchion   |       |       |       |     1 |       ||     1

Vault maps used:
D:1:      dpeg_arrival_chambers_temple_mockup
D:3:      first_bread, nicolae_qazlal_eye_of_the_storm
D:4:      chequers_temple_overflow_minitemple, fedhas_bush_and_centaur_altar,
          uniq_pikel
D:5:      minmay_temple_entry_from_below_a
D:6:      kennysheep_six_static_rooms, grunt_ministairs_11, uniq_eustachio,
          uniq_crazy_yiuf_cottage
D:7:      nicolae_overflow_crystal_walls
D:8:      trog_ov_bears_minmay, hangedman_ranch, nicolae_wwwww
D:9:      lair_entry_dummy, hiddenorc1_lemuel
D:10:     uniq_psyche, uniq_grum
Lair:1:   minivault_23, cheibrodos_lair_reptile_den
Lair:2:   swamp_mist, infiniplex_staircase_pool, lemuel_fruit_fields
Lair:3:   minmay_snake_entry_guardpost_medium, zaba_antful_of_joy
Lair:6:   gammafunk_lair_ancient_temple, dpeg_slime_entry_enclosed_altar

Table legend:
 A = Turns spent in this place as a percentage of turns spent in the entire game.
 B = Non-inter-level travel turns spent in this place as a percentage of non-inter-level travel turns spent in the entire game.
 C = Inter-level travel turns spent in this place as a percentage of turns spent in this place.
 D = Turns resting spent in this place as a percentage of non-inter-level travel turns spent in this place.
 E = Turns spent auto-exploring this place as a percentage of non-inter-level travel turns spent in this place.
 F = Non-inter-level travel turns spent in this place divided by the number of levels of this place that you've seen.
                   A       B       C       D       E      F
               +-------+-------+-------+-------+-------+----------------------
         Total | 100.0 | 100.0 |   0.4 |   2.9 |   8.1 | 324.8
       Dungeon |  71.6 |  71.6 |   0.4 |   2.7 |   7.9 | 359.5
          Lair |  28.4 |  28.4 |   0.4 |   3.5 |   8.5 | 261.2
               +-------+-------+-------+-------+-------+----------------------

Table legend:
 A = Kills in this place as a percentage of kills in entire the game.
 B = Kills by you in this place as a percentage of kills by you in the entire game.
 C = Kills by friends in this place as a percentage of kills by friends in the entire game.
 D = Other kills in this place as a percentage of other kills in the entire game.
 E = Experience gained in this place as a percentage of experience gained in the entire game.
 F = Experience gained in this place divided by the number of levels of this place that you have seen.
                   A       B       C       D       E      F
               +-------+-------+-------+-------+-------+----------------------
         Total | 100.0 | 100.0 | 100.0 |  -nan | 100.0 | 3240.9
       Dungeon |  65.8 |  66.1 |  40.0 |  -nan |  35.2 | 1761.6
          Lair |  34.2 |  33.9 |  60.0 |  -nan |  64.8 | 5952.8
               +-------+-------+-------+-------+-------+----------------------
